AoeStats
← 尘

Arena

509880357Analyzed
4v4 RM · 3d ago on Sep 28, 2026· 58m 27s· 8 players
Game mode
Random Map
Map size
Large (8 player)
Population
200
Speed
Normal
Resources
Standard
Victory
Conquest
Starting age
Dark Age
Ending age
Imperial Age
RankedLock teamsTeams togetherTeam positionsShared explorationLock speedFull tech treeHidden civsTurbo modeCheats
Victory
Defeat
🇰🇬 Hindustanis · Kyrgyzstan
1202
+14
🇵🇱 Byzantines · Poland
1198
+14
🇳🇱 Bohemians · Netherlands
1165
+15
1165
+15
🇹🇼 Franks · Taiwan
1186
-16
🇭🇰 Khmer · Hong Kong SAR China
1171
-15
🇯🇵 Ethiopians · Japan
1147
-14
🇨🇳 Mongols · China
1121
-13
tiwaz55
11:25 Feudal Age
16:19 Castle Age
18:01 Horse Collar
18:09 Double-Bit Axe
18:37 Loom
25:02 Wheelbarrow
24:49 Fletching
25:10 Heavy Plow
31:34 Imperial Age
29:19 Bow Saw
30:29 Scale Barding Armor
30:27 Padded Archer Armor
31:35 Hand Cart
32:14 Ballistics
33:25 Chemistry
31:49 Heavy Camel Rider
32:30 Gold Mining
32:31 Stone Mining
32:37 Gold Mining
33:02 Fortified Wall
33:02 Scale Barding Armor
34:41 Stone Shaft Mining
34:43 Gold Shaft Mining
33:34 Cavalier
34:18 Husbandry
35:35 Chain Barding Armor
36:33 Paladin
38:04 Plate Barding Armor
37:40 Forging
38:30 Conscription
39:01 Crop Rotation
39:33 Two-Man Saw
40:34 Iron Casting
39:22 Elite Skirmisher
40:08 Thumb Ring
39:48 Light Cavalry
49:37 Hussar
50:40 Caravan
50:39 Treadmill Crane
50:54 Murder Holes
53:30 Guilds
54:19 Block Printing
54:42 Theocracy
[CH] ab ins Schällemätteli
10:28 Feudal Age
14:34 Castle Age
12:21 Loom
12:39 Stone Mining
18:31 Gold Mining
25:05 Imperial Age
22:34 Double-Bit Axe
25:32 Fletching
26:54 Chemistry
26:44 Conscription
30:07 Bow Saw
33:16 Two-Man Saw
33:44 Bodkin Arrow
35:47 Bracer
36:11 Ballistics
35:47 Murder Holes
39:12 Elite Organ Gun
41:18 Siege Engineers
44:11 Coinage
46:51 Banking
46:36 Guilds
53:04 Masonry
French Connection
10:24 Feudal Age
14:38 Castle Age
12:53 Double-Bit Axe
13:28 Gold Mining
16:01 Wheelbarrow
18:45 Loom
21:36 Horse Collar
21:49 Stone Mining
28:58 Imperial Age
27:16 Hand Cart
27:53 Bow Saw
28:59 Gold Shaft Mining
29:46 Forging
29:59 Fletching
30:09 Padded Archer Armor
31:55 Chemistry
31:09 Shatagni
31:55 Block Printing
32:37 Grand Trunk Road
33:39 Bodkin Arrow
34:47 Leather Archer Armor
36:14 Heavy Camel Rider
37:04 Bloodlines
37:29 Husbandry
38:01 Heavy Plow
38:32 Elite Skirmisher
40:16 Ring Archer Armor
39:47 Bracer
39:43 Imperial Camel Rider
41:50 Scale Barding Armor
42:21 Iron Casting
43:42 Chain Barding Armor
45:41 Plate Barding Armor
46:24 Two-Man Saw
45:48 Onager
47:40 Siege Engineers
52:29 Blast Furnace
56:14 Stone Shaft Mining
59:17 Hoardings
BlandToaster625
10:03 Feudal Age
14:04 Castle Age
12:13 Double-Bit Axe
15:02 Bow Saw
17:47 Chemistry
19:57 Horse Collar
24:27 Heavy Plow
25:41 Padded Archer Armor
25:29 Loom
27:20 Leather Archer Armor
31:28 Wheelbarrow
30:38 Town Watch
31:37 Forging
31:27 Scale Mail Armor
31:29 Squires
33:04 Iron Casting
32:52 Pikeman
35:09 Fletching
37:31 Bodkin Arrow
38:46 Hand Cart
38:32 Town Patrol
39:34 Chain Mail Armor
43:37 Imperial Age
41:42 Caravan
42:15 Town Patrol
43:37 Ballistics
45:14 Bracer
46:00 Bombard Tower
47:55 Two-Man Saw
47:12 Arrowslits
47:18 Guard Tower
49:39 Ring Archer Armor
49:53 Houfnice
51:10 Murder Holes
51:26 Fortified Wall
51:01 Arrowslits
51:11 Guard Tower
51:28 Siege Engineers
51:33 Masonry
KJI
10:14 Feudal Age
13:58 Castle Age
11:55 Double-Bit Axe
15:24 Horse Collar
16:11 Loom
23:59 Gold Mining
25:30 Wheelbarrow
26:27 Fletching
28:05 Bodkin Arrow
27:32 Crossbowman
31:35 Padded Archer Armor
31:37 Scale Mail Armor
32:55 Leather Archer Armor
39:04 Imperial Age
39:10 Heavy Plow
39:22 Bow Saw
40:08 Arbalester
ping3026
11:06 Feudal Age
13:14 Loom
15:47 Castle Age
13:40 Double-Bit Axe
14:14 Gold Mining
14:46 Stone Mining
29:22 Wheelbarrow
29:56 Town Watch
32:20 Hand Cart
46:56 Imperial Age
44:31 Fletching
45:22 Forging
45:32 Bow Saw
45:49 Scale Mail Armor
47:11 Iron Casting
47:03 Squires
49:53 Imperial Age
47:33 Bodkin Arrow
47:58 Gambesons
48:30 Chain Mail Armor
51:17 Scale Barding Armor
51:47 Conscription
52:20 Masonry
53:14 Chemistry
52:30 Husbandry
51:55 Light Cavalry
52:37 Light Cavalry
53:47 Chain Barding Armor
wilsonso35
12:07 Feudal Age
13:28 Wheelbarrow
12:35 Horse Collar
12:42 Double-Bit Axe
12:49 Gold Mining
15:57 Castle Age
17:05 Hand Cart
17:06 Bow Saw
17:00 Heavy Plow
17:35 Stone Mining
18:06 Town Watch
19:01 Gold Shaft Mining
18:21 Loom
19:25 Town Watch
23:39 Stone Shaft Mining
23:58 Husbandry
24:07 Scale Barding Armor
29:26 Imperial Age
27:43 Chain Barding Armor
28:29 Bloodlines
28:34 Forging
28:47 Caravan
30:00 Iron Casting
30:38 Conscription
31:23 Chemistry
30:56 Crop Rotation
30:38 Town Patrol
30:55 Masonry
31:48 Plate Barding Armor
31:51 Tusk Swords
35:10 Ballistics
35:14 Double Crossbow
35:35 Fortified Wall
35:09 Light Cavalry
36:04 Devotion
37:32 Elite Ballista Elephant
40:39 Siege Engineers
40:44 Herbal Medicine
41:01 Hussar
44:50 Architecture
47:40 Blast Furnace
50:55 Hoardings
尘
11:27 Feudal Age
12:13 Double-Bit Axe
16:09 Castle Age
17:11 Bow Saw
17:16 Horse Collar
21:19 Loom
23:43 Gold Mining
24:14 Husbandry
26:27 Wheelbarrow
26:18 Stone Mining
27:15 Bloodlines
29:19 Fletching
29:38 Thumb Ring
29:16 Light Cavalry
30:23 Heavy Plow
30:53 Hand Cart
31:06 Padded Archer Armor
31:19 Forging
35:02 Imperial Age
32:48 Bodkin Arrow
34:21 Ballistics
35:23 Gold Shaft Mining
34:47 Town Watch
36:41 Conscription
37:18 Bracer
39:08 Capped Ram
44:32 Hussar
Connection lost

Rejoining the realm…

Still unreachable

The connection could not be restored.

Session expired

The server has moved on; the page needs a fresh start.